 Dungeon Crawl Stone Soup version 0.30-a0-1035-g38d5fb2972 (webtiles) character file.

Game seed: 7287239524097952331

16160 jlumianski the Cleaver (level 12, -3/97 HPs)
             Began as a Demonspawn Fighter on Apr 8, 2023.
             Was a Priest of Qazlal.
             Slain by an enormous slime creature (45 damage)
             ... on level 1 of the Lair of Beasts on Apr 9, 2023.
             The game lasted 01:23:50 (13270 turns).

jlumianski the Cleaver (Demonspawn Fighter)        Turns: 13270, Time: 01:23:50

Health: -3/97      AC: 21    Str: 27    XL:     12   Next: 7%
Magic:  16/17      EV:  8    Int: 11    God:    Qazlal [***...]
Gold:   1361       SH:  3    Dex: 12    Spells: 11/11 levels left

rFire   . . .      SeeInvis .    T - +4 war axe
rCold   . . .      Faith    +    (no shield)
rNeg    . . .      Spirit   .    I - +0 plate armour
rPois   .          Reflect  .    (no helmet)
rElec   +          Rampage  .    (no cloak)
rCorr   .                        (gloves unavailable)
Will    .....                    (no boots) Stlth
                                 f - amulet of faith
HPRegen 0.36/turn                L - +6 ring of strength
MPRegen 0.15/turn                V - +4 ring of protection

@: mighty
A: thin metallic scales 3, foul stench 3, demonic touch 3
a: Renounce Religion, Upheaval, Elemental Force


You were on level 1 of the Lair of Beasts.
You worshipped Qazlal.
Qazlal was most pleased with you.
You visited 3 branches of the dungeon, and saw 13 of its levels.
You also visited: Volcano.

You collected 1936 gold pieces.
You spent 575 gold pieces at shops.

Inventory:

Hand Weapons
 b - the +8 trident of the Extremes {freeze, rPois MP-9 Str+5 Stlth+}
   (You found it on level 10 of the Dungeon)

   Str:       It affects your strength (+5).
   rPois:     It protects you from poison.
   MP:        It affects your magic capacity (-9).
   Stlth:     It makes you more stealthy.
 j - a +2 sling of flaming
 T - a +4 war axe (weapon)
Missiles
 w - 3 atropa-tipped darts
 x - 26 poisoned darts (quivered)
 J - 3 silver boomerangs
Armour
 I - a +0 plate armour (worn)
 X - a +2 scale mail of poison resistance
Jewellery
 f - an amulet of faith (around neck)
 h - a ring of fire
 k - a ring of wizardry
 l - a ring of flight
 F - a ring of willpower
 H - a ring of positive energy
 L - a +6 ring of strength (left hand)
 V - a +4 ring of protection (right hand)
Wands
 E - a wand of polymorph (5)
 M - a wand of charming (6)
 P - a wand of flame (26)
Scrolls
 a - a scroll of butterflies
 e - 2 scrolls of magic mapping
 g - a scroll of silence
 m - a scroll of enchant weapon
 n - a scroll of identify
 p - a scroll of poison
 s - a scroll of fog
 y - 3 scrolls of teleportation
 G - 2 scrolls of fear
 O - 2 scrolls of enchant armour
 Y - a scroll of blinking
Potions
 c - a potion of brilliance
 d - a potion of might
 i - a potion of heal wounds
 q - a potion of invisibility
 t - 2 potions of flight
 u - a potion of lignification
 v - a potion of cancellation
 R - 5 potions of curing
 S - 2 potions of berserk rage


   Skills:
 * Level 10.1 Fighting
 * Level 10.9 Axes
 + Level 2.7 Ranged Weapons
 + Level 1.1 Throwing
 + Level 7.8 Armour
 + Level 2.3 Dodging
 - Level 0.1 Stealth
 - Level 5.1 Shields
 * Level 7.4 Invocations
 * Level 5.2 Evocations


You had 11 spell levels left.
You didn't know any spells.
Your spell library contained the following spells:

 Spells                   Type           Power      Damage    Failure   Level
 Magic Dart               Conj           0%         1d3       98%         1
 Sandblast                Erth           0%         2d4       98%         1
 Passwall                 Tmut/Erth      0%         N/A       99%         2
 Searing Ray              Conj           0%         2d4       99%         2
 Stone Arrow              Conj/Erth      0%         3d7       100%        3
 Anguish                  Hex/Necr       0%         N/A       100%        4
 Animate Dead             Necr           0%         N/A       100%        4
 Fulminant Prism          Conj/Hex       0%         3d5       100%        4
 Borgnjor's Vile Clutch   Necr/Erth      0%         N/A       100%        5
 Death Channel            Necr           0%         N/A       100%        6
 Enfeeble                 Hex            0%         N/A       100%        7


Dungeon Overview and Level Annotations

Branches:
Dungeon (10/15)            Temple (1/1) D:5            Lair (2/5) D:9
  Snake (0/4) Lair:2      Volcano (visited)
  Swamp: Lair:2-3    Shoals: Lair:2-3       Orc: D:9-12

Altars:
Ashenzari
Cheibriados
Dithmenos
Fedhas
Gozag
Makhleb
Nemelex Xobeh
Okawaru
Qazlal
Ru
Trog
Uskayaw
Vehumet
Wu Jian
Yredelemnul
Jiyva

Shops:
D:7 (   D:9 ?!

Annotations:
D:7 1 runed translucent door, SirDiesAlot's ghost, novice SpEn
D:8 3 runed translucent doors, exclusion: obsidian statue, CornPuffBuddha's ghost, novice GnHu; ThatPearl's ghost, novice VSBr; gelatine's ghost, novice DsGl; hollowman's ghost, novice TeHu


Innate Abilities, Weirdness & Mutations

You are completely covered in thin metallic scales. (AC +4, rElec)
You frequently emit foul miasma when damaged in melee.
Your touch may irresistibly damage your foes and sap their willpower.


Message History

Aim: jtron's ghost (heavily damaged)
A storm cloud blasts the area with cutting wind!
The cutting wind hits jtron's ghost!!
Jtron's ghost is almost destroyed.
The cutting wind hits the jelly!!
You kill the jelly!
Qazlal accepts your kill.
The cutting wind hits the jelly!!
You kill the jelly!
Qazlal accepts your kill.
Your water elemental hits jtron's ghost!!
Jtron's ghost is destroyed!
Qazlal accepts your kill.
Your water elemental completely misses the enormous slime creature.
Your water elemental barely misses the enormous slime creature.
Your water elemental hits the enormous slime creature!
The enormous slime creature is engulfed in blazing flames.
Your water elemental disappears in a puff of smoke!
The enormous slime creature is engulfed in freezing vapours.
The enormous slime creature is engulfed in freezing vapours.
The enormous slime creature attacks as you move away!
The enormous slime creature hits you!!!
The enormous slime creature is engulfed in blazing flames.
The enormous slime creature attacks as you move away!
The enormous slime creature barely misses you.
The enormous slime creature attacks as you move away!
The enormous slime creature hits you! What are your orders? t - Shout!
Orders for allies: a - Attack new target. r - Retreat! s - Stop attacking. g - Guard the area. f - Follow me.
Anything else - Cancel.
Okay, then.
Unknown command.
Unknown command.
Okay, then.
You feel very mighty all of a sudden. The enormous slime creature hits you!!!
You die...

##.~~~≈~~............###..#..#
#..≈≈~~≈~...###.#...##......#
#..~~~≈~.....######.#.....###
###..~~.###...####.......##
#......####.[#.....#...##
#####.## ##....#####.#.# #..#
#....# #..## ##.## #....##
#...# ### #..## ##.@...## ##..#
#.## ##..# #PJ.....####.## ...#
#..###.........#.## ##.##
##...............# #P..###
#....##.........# ### ###...#
##....####......## ##.# ##..#
#......####......####.##
####.)###.......####....#....##
P#P#..............#.....###.###


You could see an enormous slime creature.

Vanquished Creatures
  2 two-headed ogres
  A skyshark (Lair:2)
  Nergalle (Lair:2)
  2 cane toads
  2 efreet (Volcano)
  4 komodo dragons
  A troll (D:6)
  A shadow (D:9)
  24 yaks
  Grum (D:7)
  2 wyverns (D:8)
  A fire elemental (Volcano)
  A basilisk (Lair:1)
  4 steam dragons
  2 vampire mosquitoes (D:10)
  10 water moccasins
  2 sky beasts (D:7)
  3 ice beasts
  An orc warrior (D:8)
  A black bear (D:7)
  7 wolves
  3 centaurs
  An ogre (D:5)
  The ghost of Sleet the Ducker, an amateur DsGl (D:3)
  A phantom (D:6)
  A kobold brigand (D:8)
  Blork the orc (D:5)
  7 bullfrogs
  A gnoll sergeant (D:6)
  28 wights
  3 killer bees (D:9)
  2 hounds
  4 jellies
  2 sleepcaps
  7 orc priests
  2 iguanas
  9 orc wizards
  7 gnolls
  8 adders
  2 shadow imps (D:7)
  An ufetubus (D:6)
  A worm (D:2)
  2 dart slugs (D:2)
  29 orcs
  6 endoplasms
  5 giant cockroaches
  8 goblins
  5 hobgoblins
  5 jackals
  19 kobolds
  A quokka (D:3)
  4 ball pythons
  6 bats
  3 frilled lizards
  7 rats
  A fire vortex (Volcano)
266 creatures vanquished.

Vanquished Creatures (collateral kills)
  The ghost of jtron the Basher, a journeyman GnWn of Jiyva (Lair:1)
1 creature vanquished.

Vanquished Creatures (others)
  A shadow imp (D:7)
  2 fungi (Lair:2)
  7 plants
  2 withered plants (D:8)
12 creatures vanquished.

Grand Total: 279 creatures vanquished

Notes
Turn   | Place    | Note
-------+----------+-------------------------------------------
     0 | D:1      | jlumianski the Demonspawn Fighter began the quest for the
                  | Orb.
     0 | D:1      | Reached XP level 1. HP: 18/18 MP: 1/1
   295 | D:2      | Gained mutation: You are partially covered in thin metallic
                  | scales. (AC +2) [demonic ancestry]
   295 | D:2      | Reached XP level 2. HP: 23/24 MP: 2/2
   588 | D:2      | Gained mutation: Your touch may inflict minor irresistible
                  | damage on your foes. [demonic ancestry]
   588 | D:2      | Reached XP level 3. HP: 26/29 MP: 3/3
  1108 | D:2      | You fall into a shaft and drop 2 floors!
  1113 | D:5      | Entered Level 5 of the Dungeon
  1159 | D:4      | Gained mutation: You may rarely emit foul miasma when
                  | damaged in melee. [demonic ancestry]
  1159 | D:4      | Reached XP level 4. HP: 36/36 MP: 4/4
  1287 | D:3      | Found a blossoming altar of Fedhas.
  1291 | D:3      | Found an opulent altar of Gozag.
  1352 | D:3      | Found a sacrificial altar of Ru.
  2150 | D:3      | Found a hide-covered altar of Uskayaw.
  2162 | D:3      | Gained mutation: You are mostly covered in thin metallic
                  | scales. (AC +3) [demonic ancestry]
  2162 | D:3      | Reached XP level 5. HP: 42/42 MP: 5/5
  2197 | D:3      | Found a runed translucent gate.
  2198 | D:3      | Found a runed translucent gate.
  2198 | D:3      | Found a runed translucent gate.
  2200 | D:3      | Noticed Sleet's ghost (amateur DsGl)
  2226 | D:3      | Killed Sleet's ghost
  2755 | D:3      | Reached XP level 6. HP: 37/48 MP: 6/6
  3717 | D:5      | Identified the +1 robe "Qavakho" {rElec SInv}
  3750 | D:5      | Reached skill level 1 in Dodging
  3795 | D:5      | Gained mutation: You are completely covered in thin
                  | metallic scales. (AC +4, rElec) [demonic ancestry]
  3795 | D:5      | Reached XP level 7. HP: 15/55 MP: 7/7
  3966 | D:5      | Noticed Blork the orc
  3976 | D:5      | Killed Blork the orc
  4047 | D:5      | Found a staircase to the Ecumenical Temple.
  4061 | Temple   | Entered the Ecumenical Temple
  4271 | Temple   | Became a worshipper of Qazlal Stormbringer
  4744 | D:5      | Reached skill level 1 in Throwing
  4799 | D:5      | Found an ornate altar of the Wu Jian Council.
  4921 | D:5      | Reached skill level 1 in Ranged Weapons
  5303 | D:7      | Reached skill level 5 in Fighting
  5352 | D:7      | Reached skill level 5 in Axes
  5433 | D:6      | Identified the +2 leather armour of Lethargy {rCorr SInv
                  | Stlth-}
  5652 | D:7      | Gained mutation: You sometimes emit foul miasma when
                  | damaged in melee. [demonic ancestry]
  5652 | D:7      | Reached XP level 8. HP: 59/62 MP: 8/8
  5681 | D:7      | Noticed a troll
  5869 | D:6      | Reached skill level 5 in Armour
  6071 | D:6      | Killed a troll
  6703 | D:6      | Gained mutation: Your touch may inflict irresistible damage
                  | on your foes. [demonic ancestry]
  6703 | D:6      | Reached XP level 9. HP: 62/71 MP: 9/9
  7060 | D:7      | Reached * piety under Qazlal
  7218 | D:7      | Found Maogrinu's Antique Weapon Boutique.
  7268 | D:7      | Found a burning altar of Makhleb.
  7330 | D:7      | Reached skill level 1 in Invocations
  7527 | D:7      | Reached skill level 1 in Evocations
  7619 | D:8      | Noticed Grum
  7626 | D:7      | Killed Grum
  7877 | D:7      | Found a runed translucent door.
  7880 | D:7      | Noticed SirDiesAlot's ghost (novice SpEn)
  8114 | D:8      | Found a runed translucent gate.
  8114 | D:8      | Found a runed translucent gate.
  8114 | D:8      | Found a runed translucent gate.
  8115 | D:8      | Noticed ThatPearl's ghost (novice VSBr)
  8117 | D:8      | Noticed gelatine's ghost (novice DsGl)
  8118 | D:8      | Noticed CornPuffBuddha's ghost (novice GnHu)
  8119 | D:8      | Noticed hollowman's ghost (novice TeHu)
  8212 | D:8      | Gained mutation: You frequently emit foul miasma when
                  | damaged in melee. [demonic ancestry]
  8212 | D:8      | Reached XP level 10. HP: 58/79 MP: 12/12
  8399 | D:8      | Noticed an obsidian statue
  8593 | D:8      | Reached ** piety under Qazlal
  8959 | D:9      | Found Acrappimmo's Magic Scroll Boutique.
  9054 | D:9      | Noticed a two-headed ogre
  9060 | D:9      | Bought a scroll of identify for 32 gold pieces
  9060 | D:9      | Bought a scroll of identify for 32 gold pieces
  9060 | D:9      | Bought a scroll of identify for 32 gold pieces
  9060 | D:9      | Bought a scroll of identify for 32 gold pieces
  9060 | D:9      | Bought a scroll of teleportation for 48 gold pieces
  9060 | D:9      | Bought a scroll of identify for 32 gold pieces
  9060 | D:9      | Bought a scroll of enchant armour for 120 gold pieces
  9805 | D:8      | Killed a two-headed ogre
 10000 | D:9      | Reached skill level 5 in Invocations
 10019 | D:9      | Noticed a two-headed ogre
 10040 | D:9      | Killed a two-headed ogre
 10364 | D:10     | Entered Level 10 of the Dungeon
 10553 | D:9      | Found a staircase to the Lair.
 10897 | D:10     | Identified the +8 trident of the Extremes {freeze, rPois
                  | MP-9 Str+5 Stlth+}
 10974 | D:9      | Found Maoshem's Distillery.
 10984 | D:9      | Bought a potion of heal wounds for 65 gold pieces
 10984 | D:9      | Bought a potion of might for 52 gold pieces
 10984 | D:9      | Bought a potion of heal wounds for 65 gold pieces
 10984 | D:9      | Bought a potion of berserk rage for 65 gold pieces
 11023 | D:10     | Noticed a tengu warrior
 11070 | Lair:1   | Entered Level 1 of the Lair of Beasts
 11073 | Lair:1   | Noticed a cane toad
 11083 | D:9      | Killed a cane toad
 11084 | D:9      | Gained mutation: Your touch may irresistibly damage your
                  | foes and sap their willpower. [demonic ancestry]
 11084 | D:9      | Reached XP level 11. HP: 68/87 MP: 15/15
 11211 | Lair:1   | Reached skill level 5 in Shields
 11213 | Lair:1   | Reached *** piety under Qazlal
 11424 | Lair:2   | Noticed a skyshark
 11434 | Lair:2   | Killed a skyshark
 11471 | Lair:2   | Found a dark tunnel.
 11476 | Volcano  | Entered a volcano
 11842 | Lair:2   | Noticed Nergalle
 11852 | Lair:2   | Killed Nergalle
 11952 | Lair:2   | Reached skill level 10 in Axes
 12208 | Lair:1   | Found a runed translucent gate.
 12208 | Lair:1   | Found a runed translucent gate.
 12208 | Lair:1   | Found a runed translucent gate.
 12214 | Lair:1   | Noticed jtron's ghost (journeyman GnWn)
 12217 | Lair:1   | Found a viscous altar of Jiyva.
 12272 | Lair:1   | Reached skill level 5 in Evocations
 12535 | Lair:1   | Identified a scroll of acquirement
 12536 | Lair:1   | Acquired 1167 gold pieces
 12671 | Lair:1   | Reached skill level 10 in Fighting
 12678 | Lair:1   | Reached XP level 12. HP: 81/97 MP: 17/17
 13207 | Lair:1   | Killed jtron's ghost
 13270 | Lair:1   | Slain by an enormous slime creature

Illustrated notes

Levels and vault maps discovered:
D:1:      minmay_arrival_three_doors, layout_loops_ring
D:2:      layout_basic, chequers_jeans, kennysheep_generic_room_3
D:3:      layout_basic, nicolae_uskayaw_murder_on_the_dancefloor,
          nicolae_overflow_hidden_temple, ebering_ghost_rock_garden,
          serial_forest, infiniplex_forest_lined_2, infiniplex_forest_fountain,
          infiniplex_forest_clump_medium, infiniplex_forest_end_2,
          infiniplex_forest_lined_2, dreamdust_princess_bridge
D:4:      layout_gridville, glass_columns_b
D:5:      layout_loops_ring, nicolae_wu_jian_immortal_techniques,
          minmay_temple_entry_offerings, kennysheep_generic_room_12,
          uniq_blork_the_orc
D:6:      layout_rooms, minivault_10
D:7:      layout_basic, lightli_temple_of_fire, ebering_ghost_inner_flame,
          minmay_misc_feat_x, nicolae_take_the_stairs, minmay_bent
D:8:      minmay_statue_hallways, layout_gridville, gammafunk_ghost_cemetery,
          uniq_grum
D:9:      layout_cave_pools, lair_entry_dummy, serial_shops, shop,
          nicolae_shop_advertising_works [nicolae_subvault_shop_adworks],
          hangedman_abyss_or_decor_lesser_grid
D:10:     minmay_the_grid_octo_2x2 [minmay_the_grid_octo_odd_swirl,
          minmay_the_grid_octo_checkered, minmay_the_grid_octo_teeth,
          minmay_the_grid_octo_prize_square_snowflake], layout_irregular_city,
          nicolae_hepliaklqana_hippocampus, gammafunk_temple_overflow_statue,
          serial_column_ruins, column_ruins_hut, column_ruins_hut_water,
          column_ruins_grid_1, column_ruins_grid_4, column_ruins_grid_2,
          column_ruins_columns_straight, minmay_stone_trees_small, uniq_harold
Temple:   nicolae_temple_slightly_damp_pantheon
Lair:1:   layout_layer_cave, gammafunk_ghost_ooze, beast_lair_carwin_10,
          infiniplex_staircase_pool
Lair:2:   layout_hall_layers, nicolae_snake_entry_warm_welcome, enter_volcano_4,
          forest_entry_grove, lemuel_fruit_tree, uniq_nergalle

Skill      XL: |  1  2  3  4  5  6  7  8  9 10 11 |
---------------+----------------------------------+-----
Axes           | 2 3 4 5 6 7 8 10 | 10.9
Armour         | 3 4 5 6 7 |  7.8
Shields        | 3 4 5 |  5.1
Fighting       | 4 5 6 7 8 10 | 10.1
Dodging        | 1 2 |  2.3
Throwing       | 1 |  1.1
Ranged Weapons | 1 2 |  2.7
Invocations    | 3 5 7 |  7.4
Evocations     | 2 4 5 |  5.2
Stealth        | |  0.1

Action                     |  1- 3 |  4- 6 |  7- 9 | 10-12 || total
---------------------------+-------+-------+-------+-------++-------
  Melee: War axe           |   110 |   189 |   373 |   295 ||   967
         Touch             |       |       |       |    34 ||    34
         Punch             |       |       |       |     1 ||     1
   Fire: Sling             |     5 |     8 |     8 |     8 ||    29
  Throw: Dart              |       |    15 |     2 |     9 ||    26
 Invoke: Upheaval          |       |       |       |     8 ||     8
         Elemental Force   |       |       |       |     1 ||     1
  Evoke: Wand              |       |       |     3 |     4 ||     7
    Use: Scroll            |       |     4 |     5 |    14 ||    23
         Potion            |       |     3 |     6 |     4 ||    13
 Armour: Scale mail        |    66 |   112 |    21 |       ||   199
         Chain mail        |       |       |    26 |       ||    26
         Plate armour      |       |       |   226 |   214 ||   440
  Dodge: Dodged            |    45 |    63 |   143 |   135 ||   386
  Block: Buckler           |    32 |    48 |    94 |    98 ||   272
         Other             |       |       |       |    20 ||    20

Table legend: (Time is in decaauts)
 A = Elapsed time spent in this place.
 B = Non-inter-level travel time spent in this place.
 C = Inter-level travel time spent in this place.
 D = Time resting spent in this place.
 E = Time spent auto-exploring this place.
 F = Levels seen in this place.
 G = Mean time per level.
                   A        B        C        D        E       F      G
               +--------+--------+--------+--------+--------+-----+--------+
         Total |  13546 |  13270 |    276 |   1881 |   6218 |  14 |  967.6 |
       Dungeon |  11131 |  10856 |    275 |   1524 |   4885 |  10 | 1113.1 |
        Temple |    229 |    229 |      0 |      0 |    121 |   1 |  229.0 |
          Lair |   1904 |   1904 |      0 |    169 |   1212 |   2 |  952.0 |
       Volcano |    281 |    281 |      0 |    188 |      0 |   1 |  281.0 |
               +--------+--------+--------+--------+--------+-----+--------+

Top non-repeatable levels by time:
     D:8: 2059 daAuts
     D:7: 1838 daAuts
  Lair:1: 1631 daAuts
     D:6: 1285 daAuts
     D:4: 1246 daAuts
     D:3: 1051 daAuts
     D:5: 1003 daAuts
     D:1: 888 daAuts
     D:9: 832 daAuts
     D:2: 807 daAuts
 Volcano: 281 daAuts
  Lair:2: 273 daAuts
  Temple: 229 daAuts
    D:10: 118 daAuts
